 Dungeon Crawl Stone Soup version 0.20.1 (webtiles) character file.

6153 VajrapaniSR the Grappler (level 10, 0/98 HPs)
             Began as a Troll Monk on July 2, 2017.
             Slain by a killer bee (2 damage)
             ... on level 9 of the Dungeon.
             The game lasted 00:22:04 (3192 turns).

VajrapaniSR the Grappler (Troll Monk)               Turns: 3192, Time: 00:22:04

Health: 0/98       AC:  8    Str: 21    XL:     10   Next: 59%
Magic:  9/9        EV: 13    Int:  6    God:
Gold:   213        SH:  0    Dex: 15    Spells: 9/9 levels left

rFire    + . .     SeeInvis .     - Unarmed
rCold    . . .     Gourm    +   (no shield)
rNeg     . . .     Faith    .   a - +1 robe
rPois    +         Spirit   .   (helmet restricted)
rElec    .         Reflect  .   A - +1 cloak {rPois}
rCorr    .         Harm     .   (gloves unavailable)
MR       .....                  (boots unavailable)
Stlth    ++........             d - amulet of regeneration
Regen    1.1/turn               f - ring of protection from fire
MPRegen  0.2/turn               (no ring)

@: lethally poisoned (0 -> 0)
A: unfitting armour, claws 3, fast metabolism 3, gourmand, regeneration 1,
shaggy fur 1, tough skin 2
a: no special abilities


You were on level 9 of the Dungeon.
You were hungry.

You visited 2 branches of the dungeon, and saw 10 of its levels.
You also visited: Sewer.

You collected 213 gold pieces.

Inventory:

Hand Weapons
 b - a +0 blowgun
Missiles
 o - 14 poisoned needles
Armour
 a - a +1 robe (worn)
 A - a +1 cloak of poison resistance (worn)
Jewellery
 d - an amulet of regeneration (around neck)
 f - a ring of protection from fire (left claw)
 k - an uncursed amulet of guardian spirit {unknown}
 m - an uncursed ring of ice
Wands
 u - a wand of iceblast (5/15)
 y - a wand of acid (9/15)
Scrolls
 e - 5 scrolls of remove curse
 g - 2 scrolls of teleportation
 l - a scroll of fear
Potions
 i - a potion of magic
 q - a potion of haste {unknown}
 s - a potion of flight
 w - 2 potions of resistance {unknown}
 x - a potion of cancellation {unknown}
 z - 2 potions of agility {unknown}
 B - a potion of lignification {unknown}
Comestibles
 c - 4 royal jellies
 j - 2 meat rations
 n - 4 bread rations


   Skills:
 + Level 6.2 Fighting
 + Level 6.1 Dodging
 - Level 1.0 Stealth
 + Level 12.9 Unarmed Combat


You had 9 spell levels left.
You didn't know any spells.

Dungeon Overview and Level Annotations

Branches:
Dungeon (9/15)             Temple (1/1) D:5
   Lair: D:8-11         Orc: D:9-12

Altars:
Ashenzari
Dithmenos
Fedhas
Gozag
Hepliaklqana
Kikubaaqudgha
Makhleb
Nemelex Xobeh
Okawaru
Qazlal
Ru
Sif Muna
Trog
Uskayaw
Vehumet
Yredelemnul
Zin
The Shining One

Shops:
D:4 (   D:8 (

Annotations:
D:9 Ferkelamun's ghost, journeyman OpBe


Innate Abilities, Weirdness & Mutations

You are too large for most types of armour.
You have claws for hands.
Your metabolism is lightning-fast.
You like to eat raw meat.
Your natural rate of healing is unusually fast.
You are covered in fur. (AC +1)
You have very tough skin. (AC +2)


Message History

You take 5 damage, and have 35/98 hp.
You are engulfed in blazing flames.
You resist.
* * * LOW HITPOINT WARNING * * *
You feel sick.
You take 11 damage, and have 24/98 hp.
You are engulfed in blazing flames.
You resist.
* * * LOW HITPOINT WARNING * * *
The killer bee barely misses you.
You take 11 damage, and have 13/98 hp.
You are engulfed in blazing flames.
You resist.
* * * LOW HITPOINT WARNING * * *
You feel sick. The killer bee stings you.
* * * LOW HITPOINT WARNING * * *
The killer bee barely misses you.
You take 7 damage, and have 6/98 hp.
You are engulfed in blazing flames.
You resist.
* * * LOW HITPOINT WARNING * * *
The killer bee stings you but does no damage.
The killer bee stings you.
You die...

#.## #.# #.# #.# #.. #.# #.#
#...# #.# #.# #...# #.#
#?#####...#########.########
.#.............§@§..........>
.#.............y§§........$..
##...(.................%.....
......................).....)
...s.s.......$.....<)........
########...##################
#..<# #...# #.?.#


You could see a killer bee.

Vanquished Creatures
  2 two-headed ogres
  The ghost of IjonTichy1 the Thaumaturge, a novice DgCj (D:8)
  Pikel (D:7)
  Maurice (D:9)
  A centaur skeleton (D:9)
  Grinder (Sewer)
  A hungry ghost (D:7)
  An orc warrior (D:6)
  5 black bears
  A hornet zombie (D:9)
  A necrophage (D:7)
  2 ogres
  3 centaurs (D:6)
  A crocodile (D:9)
  A big kobold (Sewer)
  4 bullfrogs
  2 water moccasin zombies
  3 scorpions
  3 killer bees
  3 wights (D:6)
  2 crimson imps
  A bullfrog zombie (D:5)
  2 hounds
  A quasit (Sewer)
  A gnoll shaman (D:8)
  3 jellies
  3 bullfrog skeletons
  An orc priest (D:6)
  An orc wizard (D:6)
  2 iguanas
  7 worker ants
  2 big kobold zombies (Sewer)
  A hound skeleton (D:4)
  9 gnolls
  7 adders
  3 shadow imps
  An ufetubus (Sewer)
  An ooze (Sewer)
  An adder zombie (D:9)
  2 leopard geckos (D:3)
  12 orcs
  4 giant cockroaches
  2 hobgoblins (D:2)
  5 jackals
  3 bats (Sewer)
  2 goblins
  A jackal zombie (D:8)
  17 kobolds (Sewer)
  2 kobold zombies (Sewer)
  A quokka skeleton (D:5)
  A quokka zombie (D:5)
  2 rats (D:1)
141 creatures vanquished.

Notes
Turn   | Place    | Note
-------+----------+-------------------------------------------
     0 | D:1      | VajrapaniSR the Troll Monk began the quest for the Orb.
     0 | D:1      | Reached XP level 1. HP: 22/22 MP: 0/0
    74 | D:2      | Found a hide-covered altar of Uskayaw.
   164 | D:2      | Reached XP level 2. HP: 29/29 MP: 1/1
   207 | D:3      | Reached skill level 4 in Unarmed Combat
   209 | D:3      | Reached XP level 3. HP: 27/36 MP: 2/2
   242 | D:3      | Found a basalt altar of Yredelemnul.
   314 | D:3      | Found a glowing drain.
   322 | Sewer    | Entered a sewer
   436 | Sewer    | Reached skill level 5 in Unarmed Combat
   436 | Sewer    | Reached XP level 4. HP: 44/44 MP: 3/3
   451 | Sewer    | Found a burning altar of Makhleb.
   465 | Sewer    | Noticed a big kobold
   478 | Sewer    | Killed a big kobold
   478 | Sewer    | Reached skill level 6 in Unarmed Combat
   478 | Sewer    | Reached XP level 5. HP: 36/50 MP: 4/4
   526 | Sewer    | Noticed Grinder
   527 | Sewer    | kuniqs: grinder's here
   535 | Sewer    | Paralysed by Grinder for 2 turns
   551 | Sewer    | Paralysed by Grinder for 7 turns
   570 | Sewer    | Killed Grinder
   570 | Sewer    | Reached skill level 7 in Unarmed Combat
   570 | Sewer    | Reached XP level 6. HP: 52/59 MP: 5/5
   591 | D:3      | murphy: never seen this sewer before
   594 | D:3      | VajrapaniSR: that had alot of good stuff
   594 | D:3      | VajrapaniSR: and a makhleb altar
   594 | D:3      | VajrapaniSR: pretty good for a DD
   733 | D:5      | Entered Level 5 of the Dungeon
   785 | D:4      | Found Pullac's Weapon Shop.
   862 | D:5      | Found a shadowy altar of Dithmenos.
   872 | D:5      | Reached skill level 8 in Unarmed Combat
   872 | D:5      | Reached XP level 7. HP: 66/66 MP: 6/6
  1003 | D:5      | Found a staircase to the Ecumenical Temple.
  1010 | Temple   | Entered the Ecumenical Temple
  1079 | Temple   | murphy: lol
  1087 | Temple   | VajrapaniSR: every single time
  1156 | D:5      | Found a deep blue altar of Sif Muna.
  1212 | D:6      | Found a sparkling altar of Nemelex Xobeh.
  1218 | D:6      | murphy: maybe u understand now why i get mad when i see some of the top players games during the tourney
  1220 | D:6      | murphy: almost feels like they play a different game
  1220 | D:6      | VajrapaniSR: yeah, i have never gotten an early altar
  1220 | D:6      | VajrapaniSR: ever
  1233 | D:6      | Reached skill level 9 in Unarmed Combat
  1277 | D:6      | murphy: yermak gets obsidian axe and early temple
  1279 | D:6      | murphy: while i run around with -3 axe
  1282 | D:6      | murphy: and no remove curse scrolls
  1282 | D:6      | VajrapaniSR: lol
  1311 | D:7      | kuniqs: dude plays like 12h a day for 2 weeks straight, the probabilities add up
  1335 | D:7      | murphy: nah it doesn't
  1340 | D:7      | murphy: we could play 2 years every day
  1351 | D:7      | murphy: to get something like that
  1352 | D:7      | Noticed a hungry ghost
  1360 | D:7      | kuniqs: if you splat enough games, you'll get something like that eventually
  1371 | D:7      | Killed a hungry ghost
  1391 | D:7      | murphy: he didn't splat many
  1391 | D:7      | Reached skill level 10 in Unarmed Combat
  1391 | D:7      | Reached XP level 8. HP: 62/74 MP: 7/7
  1395 | D:7      | Noticed Pikel
  1409 | D:7      | murphy: he had not much time
  1414 | D:7      | Killed Pikel
  1414 | D:7      | Reached skill level 11 in Unarmed Combat
  1426 | D:7      | murphy: being busy chasing manman
  1581 | D:6      | VajrapaniSR: btw i thought speedruns would be easy
  1581 | D:6      | murphy: u thought?
  1581 | D:6      | VajrapaniSR: but they're so hard to get off the ground
  1581 | D:6      | VajrapaniSR: i thought they'd only be hard in the lategame
  1581 | D:6      | kuniqs: they require luck
  1581 | D:6      | VajrapaniSR: yep
  1589 | D:6      | Reached XP level 9. HP: 69/80 MP: 8/8
  1683 | D:6      | VajrapaniSR: ??altar
  1683 | D:6      | beem: altar[1/1]: Altars are used for gaining religion and receiving Kiku's, Lugonu's, and TSO's gifts. Altars to gods besides Beogh, Lugonu, and Jiyva are guaranteed in Temple or D:2-9. Jiyva's altar is guaranteed in Slime:6, and Lugonu's and Beogh's altars occasionally appear in the Abyss and Orc, respectively.
  2188 | D:9      | Noticed Maurice
  2213 | D:9      | Killed Maurice
  2213 | D:9      | Reached skill level 12 in Unarmed Combat
  2240 | D:8      | Found Pithreoly's Antique Weapon Shoppe.
  2270 | D:9      | Noticed Ferkelamun's ghost (journeyman OpBe)
  2543 | D:7      | Reached skill level 5 in Fighting
  2694 | D:8      | Noticed a two-headed ogre
  2707 | D:8      | Killed a two-headed ogre
  2707 | D:8      | Reached skill level 5 in Dodging
  2707 | D:8      | Reached XP level 10. HP: 38/96 MP: 9/9
  2724 | D:9      | Noticed a two-headed ogre
  2726 | D:9      | Killed a two-headed ogre
  2757 | D:9      | Found a sacrificial altar of Ru.
  2817 | D:8      | murphy: i need to find out how to birbe the devs
  2819 | D:8      | VajrapaniSR: this run is a carcrash
  2846 | D:8      | murphy: how much does an extra haste potion cost?
  2847 | D:8      | murphy: how much an artefact weapon?
  2847 | D:8      | VajrapaniSR: how much does chei altar + book of the earth cost
  3040 | D:8      | Found a burning altar of Makhleb.
  3044 | D:8      | Found a glowing silver altar of Zin.
  3045 | D:8      | Noticed an angel
  3045 | D:8      | Noticed a cacodemon
  3085 | D:8      | Noticed IjonTichy1's ghost (novice DgCj)
  3092 | D:8      | Killed IjonTichy1's ghost
  3128 | D:8      | VajrapaniSR: ctrl + q time
  3152 | D:9      | Found a glowing golden altar of the Shining One.
  3192 | D:9      | HP: 1/98 [cloud of flame (5)]
  3192 | D:9      | Slain by a killer bee

Skill      XL: |  1  2  3  4  5  6  7  8  9 10 |
---------------+-------------------------------+-----
Unarmed Combat | 4 5 6 7 8 10 11 12 | 12.9
Fighting       | 3 5 6 |  6.2
Dodging        | 3 5 6 |  6.1
Stealth        | |  1.0

Action                   |  1- 3 |  4- 6 |  7- 9 | 10-12 || total
-------------------------+-------+-------+-------+-------++-------
Melee: Unarmed           |    67 |    77 |   234 |    59 ||   437
       Punch             |       |     3 |     9 |     5 ||    17
Evoke: Wand              |       |       |     4 |       ||     4
  Use: Potion            |       |     3 |     4 |     1 ||     8
       Scroll            |       |     7 |     8 |     1 ||    16
 Stab: Sleeping          |     1 |     1 |     3 |       ||     5
  Eat: Chunk             |     4 |     1 |    14 |     3 ||    22
       Bread ration      |       |       |     1 |       ||     1
       Fruit             |       |       |       |     3 ||     3
Armor: Robe              |    33 |    38 |    55 |    11 ||   137
Dodge: Dodged            |    48 |    63 |   132 |    35 ||   278
